 Dungeon Crawl Stone Soup version 0.27-a0-1140-g099f9bb0e8 (webtiles) character file.

Game seed: 2345575426428608280

67 wakim the Skirmisher (level 4, -5/40 HPs)
             Began as a Ghoul Fighter on May 9, 2021.
             Was a Follower of Makhleb.
             Slain by Crazy Yiuf
             ... wielding a +2 quarterstaff of chaos
              (6 damage)
             ... on level 2 of the Dungeon.
             The game lasted 00:02:50 (1621 turns).

wakim the Skirmisher (Ghoul Fighter)                Turns: 1621, Time: 00:02:51

Health: -5/40      AC:  6    Str: 19    XL:     4   Next: 16%
Magic:  3/3        EV:  7    Int:  4    God:    Makhleb [*.....]
Gold:   88         SH:  9    Dex:  8    Spells: 3/3 levels left

rFire    . . .     SeeInvis .     - Unarmed
rCold    + . .     Faith    .   b - +1 kite shield
rNeg     + + +     Spirit   .   a - +0 scale mail
rPois    ∞         Reflect  .   (no helmet)
rElec    .         Harm     .   (no cloak)
rCorr    .         Rampage  .   (no gloves)
Will     .....                  (no boots)
Stlth    ..........             (no amulet)
HPRegen  0.00/turn              (no ring)
MPRegen  0.08/turn              (no ring)

@: no status effects
A: claws 1, cold resistance 1, negative energy resistance 3, inhibited
regeneration, torment resistance 2, unbreathing 1
a: Renounce Religion


You were on level 2 of the Dungeon.
You worshipped Makhleb.
Makhleb was aware of your devotion.
You visited 1 branch of the dungeon, and saw 2 of its levels.

You collected 88 gold pieces.

Inventory:

Missiles
 d - 11 poisoned darts (quivered)
Armour
 a - a +0 scale mail (worn)
 b - a +1 kite shield (worn)
Wands
 t - a wand of digging (6)
Scrolls
 f - a scroll of fog {unknown}
 g - a scroll of enchant armour
Potions
 c - a potion of lignification {unknown}
 e - a potion of curing {unknown}
 N - a potion of might


   Skills:
 + Level 3.7 Fighting
 + Level 3.1 Armour
 + Level 3.1 Shields
 * Level 3.4 Unarmed Combat
 + Level 0.4 Invocations


You had 3 spell levels left.
You didn't know any spells.
Your spell library contained the following spells:

 Spells                   Type           Power      Damage    Failure   Level
 Magic Dart               Conj           0%         1d3       100%        1
 Blink                    Tloc           N/A        N/A       100%        2
 Call Imp                 Summ           0%         N/A       100%        2
 Slow                     Hex            0%         N/A       100%        2
 Conjure Flame            Conj/Fire      0%         6-21      100%        3
 Mephitic Cloud           Conj/Pois/Air  0%         N/A       100%        3


Dungeon Overview and Level Annotations

Branches:
Dungeon (2/15)

Altars:
Makhleb
Uskayaw

Shops:
D:2 :

Annotations:
D:2 Crazy Yiuf


Innate Abilities, Weirdness & Mutations

You thrive by killing the living.
You are immune to poison.
You have sharp fingernails.
Your flesh is cold resistant. (rC+)
You are immune to negative energy. (rN+++)
You do not regenerate when monsters are visible.
You are immune to unholy pain and torment.
You can survive without breathing.


Message History

You block the hobgoblin's attack.
You closely miss the hobgoblin. The hobgoblin barely misses you.
You closely miss the hobgoblin. The hobgoblin closely misses you.
You block the hobgoblin's attack.
You claw the hobgoblin!
You kill the hobgoblin!
Makhleb accepts your kill.
You now have 88 gold pieces (gained 9).
There is a stone staircase leading up here.
You see here a bat skeleton.
You see here a rat skeleton.
Found a runed translucent door.
Crazy Yiuf laughs, "Sif Muna!"
You open the door. You barely miss Crazy Yiuf.
Crazy Yiuf yells, "Prologue arm stair!"
You block Crazy Yiuf's attack.
You scratch Crazy Yiuf but do no damage.
Crazy Yiuf hits you but does no damage.
Crazy Yiuf cries, "Iron sing rumpyflump!"
Crazy Yiuf hits you with a +2 quarterstaff of chaos.
You closely miss Crazy Yiuf.
Crazy Yiuf hits you with a +2 quarterstaff of chaos!
Crazy Yiuf burns you.
You scratch Crazy Yiuf but do no damage.
Crazy Yiuf says, "Proton sallow return to song!"
Crazy Yiuf barely misses you.
You scratch Crazy Yiuf.
Crazy Yiuf is lightly wounded.
Crazy Yiuf hits you with a +2 quarterstaff of chaos!
* * * LOW HITPOINT WARNING * * *
You are electrocuted!
* * * LOW HITPOINT WARNING * * *
Crazy Yiuf screams, "Whippet!
Scoff rumpyflump foot."
Crazy Yiuf cries, "Snoogle!
Nubble light rumpyflump."
You see here a rat skeleton.
You see here a bat skeleton.
There is a stone staircase leading up here.
Crazy Yiuf hits you with a +2 quarterstaff of chaos.
You die...

#................#
##### *
#.######......####
#)..# #.# #......##>#
#...# * #####.#
###.#.<##.# *...* *
#.....# #.#..##.#
*#'#* * #.#####
#.#.....# #.## #.#
#.#.#...# ##.# ##.#
#.....### #.## #..#
#.@g..# ##.# #.##
##....# ##.## #.#
##.#.# ##...# * #.#
#.#.### #..P.# * #.#
########.#÷..# #....#
* #.# #.<........####
#....# #.#
#.######.#.##.###....#
#.# #.#
#...÷.....#.#.# #.#
#)# ##.###.##.#...#**


You could see Crazy Yiuf.

Vanquished Creatures
  An adder (D:2)
  An adder zombie (D:2)
  A worm (D:2)
  2 dart slugs (D:1)
  3 ball pythons
  2 endoplasms
  6 goblins
  3 hobgoblins
  2 jackals (D:2)
  A quokka (D:1)
  5 bats
  4 frilled lizards (D:1)
  7 kobolds
  8 rats
46 creatures vanquished.

Vanquished Creatures (others)
  2 fungi (D:2)
2 creatures vanquished.

Grand Total: 48 creatures vanquished

Notes
Turn   | Place    | Note
-------+----------+-------------------------------------------
     0 | D:1      | wakim the Ghoul Fighter began the quest for the Orb.
     0 | D:1      | Reached XP level 1. HP: 19/19 MP: 0/0
   124 | D:1      | Reached XP level 2. HP: 15/26 MP: 1/1
   636 | D:1      | Reached XP level 3. HP: 31/31 MP: 2/2
  1218 | D:2      | Found a hide-covered altar of Uskayaw.
  1228 | D:2      | Found a faded altar of an unknown god.
  1236 | D:2      | Became a worshipper of Makhleb the Destroyer
  1236 | D:2      | Reached * piety under Makhleb
  1277 | D:2      | Found Xitunat's Book Boutique.
  1384 | D:2      | Reached XP level 4. HP: 40/40 MP: 3/3
  1588 | D:2      | Found a runed translucent door.
  1589 | D:2      | Noticed Crazy Yiuf
  1597 | D:2      | HP: 1/40 [Crazy Yiuf/+2 quarterstaff of chaos (15)]
  1621 | D:2      | Slain by Crazy Yiuf

Illustrated notes

Levels and vault maps discovered:
D:1:      lightli_arrival_statue_moat, layout_basic, minmay_pentomino_s2
D:2:      layout_loops_ring, serial_shops, shop, basic_altar,
          ebering_ecumenical_altar_mist, uniq_crazy_yiuf_cottage

Skill      XL: |  1  2  3 |
---------------+----------+-----
Unarmed Combat | 3 |  3.4
Armour         | 3 |  3.1
Shields        | 3 |  3.1
Fighting       | |  3.7
Invocations    | |  0.4

Action                   |  1- 3 |  4- 6 || total
-------------------------+-------+-------++-------
Melee: Unarmed           |   136 |    23 ||   159
  Use: Scroll            |     3 |       ||     3
Armor: Scale mail        |    45 |     4 ||    49
Dodge: Dodged            |    32 |     5 ||    37
Block: Kite shield       |    58 |     9 ||    67

Table legend: (Time is in decaauts)
 A = Elapsed time spent in this place.
 B = Non-inter-level travel time spent in this place.
 C = Inter-level travel time spent in this place.
 D = Time resting spent in this place.
 E = Time spent auto-exploring this place.
 F = Levels seen in this place.
 G = Mean time per level.
                   A        B        C        D        E       F      G
               +--------+--------+--------+--------+--------+-----+--------+
         Total |   1651 |   1600 |     51 |      0 |   1235 |   2 |  825.5 |
       Dungeon |   1651 |   1600 |     51 |      0 |   1235 |   2 |  825.5 |
               +--------+--------+--------+--------+--------+-----+--------+

Top non-repeatable levels by time:
     D:1: 1188 daAuts
     D:2: 462 daAuts
